Map: [ESL] Alcyone

Players

Jieshi - Winner!

  • Race: Protoss Protoss
  • Spawn Location: 1:00

Coffee

  • Race: Terran Terran
  • Spawn Location: 7:00

Event: ESL SC2 Masters 2024 Spring (Regional)

VOD

Have the link to the VOD?

Description

Time

  • Played on: April 14, 2024, 6:49 a.m.
  • Length: 9:52

All games in this series

Show
View Real Time Build Order
Export as new Build Order

Jieshi Protoss - Winner!

Build Orders: 1 Gate Expand, Blink Stalkers, Chargelot Immortal 

Get SALT Encoding   

  12  0:00  Probe  
  13  0:12  Probe  
  14  0:18  Pylon  
  14  0:25  Probe (Chrono Boost)  
  15  0:37  Probe (Chrono Boost)  
  15  0:38  Gateway  
  16  0:43  Probe (Chrono Boost)  
  16  0:46  Assimilator  
  17  0:51  Probe  
  18  1:03  Probe  
  19  1:15  Probe  
  20  1:25  Cybernetics Core  
  20  1:32  Nexus  
  20  1:37  Pylon  
  20  1:40  Probe  
  20  1:46  Assimilator  
  21  1:52  Probe  
  22  1:58  Adept (Chrono Boost)  
  24  2:01  Warp Gate  
  24  2:04  Probe  
  25  2:16  Twilight Council  
  25  2:17  Probe  
  26  2:24  Stalker (Chrono Boost)  
  26  2:29  Probe  
  29  2:41  Probe  
  30  2:44  Probe, Gateway  
  30  2:49  Blink (Chrono Boost)  
  31  2:53  Probe  
  31  2:58  Probe  
  33  3:05  Stalker, Probe  
  34  3:10  Shield Battery  
  34  3:11  Probe  
  37  3:22  Robotics Facility  
  37  3:26  Gateway  
  37  3:29  Probe x2  
  38  3:41  Probe x2  
  38  3:45  Pylon  
  39  3:51  Stalker  
  39  3:53  Pylon, Probe x2  
  43  3:56  Stalker  
  45  4:07  Nexus  
  45  4:08  Observer (Chrono Boost)  
  45  4:11  Pylon  
  45  4:12  Probe  
  45  4:15  Probe  
  48  4:21  Gateway  
  48  4:24  Observer (Chrono Boost), Stalker  
  52  4:31  Shield Battery, Probe x2  
  52  4:32  Charge (Chrono Boost)  
  53  4:43  Assimilator, Probe, Gateway  
  54  4:54  Probe  
  54  4:56  Probe  
  56  5:01  Immortal  
  56  5:05  Pylon, Stalker  
  62  5:07  Zealot  
  62  5:08  Probe  
  65  5:17  Shield Battery  
  65  5:18  Stalker  
  67  5:29  Zealot, Stalker  
  67  5:40  Zealot  
  67  5:41  Zealot  
  69  5:43  Immortal  
  69  5:50  Zealot  
  59  5:58  Stalker  
  59  6:03  Zealot, Stalker  
  59  6:09  Probe x3  
  62  6:12  Zealot  
  62  6:19  Immortal (Chrono Boost)  
  62  6:21  Zealot  
  62  6:24  Gateway  
  67  6:26  Zealot  
  67  6:27  Zealot, Gateway  
  67  6:30  Forge  
  70  6:39  Pylon  
  70  6:49  Zealot x2  
  66  6:54  Zealot x2  
  66  6:58  Immortal (Chrono Boost)  
  60  7:05  Probe  
  58  7:10  Zealot x2  
  58  7:12  Nexus  
  58  7:13  Protoss Ground Armor Level 1  
  59  7:17  Zealot x2  
  59  7:20  Zealot  
  65  7:24  Zealot  
  63  7:30  Zealot x2  
  63  7:35  Immortal (Chrono Boost)  
  65  7:38  Sentry  
  65  7:43  Zealot  
  69  7:44  Zealot  
  69  7:48  Observer  
  67  7:51  Zealot  
  67  7:53  Probe x2  
  71  7:59  Observer  
  71  8:00  Templar Archives  
  71  8:01  Zealot x2  
  75  8:06  Assimilator, Probe x2  
  75  8:10  Psionic Storm  
  71  8:15  Zealot x3  
  73  8:21  Zealot x2  
  73  8:25  Probe (Chrono Boost)  
  78  8:33  Shield Battery  
  79  8:34  Probe (Chrono Boost)  
  79  8:39  Probe (Chrono Boost)  
  80  8:41  Probe x2  
  80  8:45  Zealot, High Templar  
  86  8:50  Immortal (Chrono Boost)  
  90  8:57  Pylon  
  90  8:58  Pylon  
  90  9:03  High Templar  
  90  9:04  Pylon  
  92  9:16  Zealot x4  
  104  9:26  Zealot  
  106  9:36  Zealot x3  
  106  9:37  Zealot  
  102  9:39  Zealot  
  88  9:49  Nexus  
  88  9:50  High Templar  
Show
View Real Time Build Order
Export as new Build Order

Coffee Terran 

Build Orders:  

Get SALT Encoding   

  12  0:00  SCV  
  13  0:12  SCV  
  14  0:17  Supply Depot  
  14  0:24  SCV  
  15  0:38  SCV  
  15  0:40  Barracks  
  16  0:43  Refinery  
  16  0:50  SCV  
  16  0:52  Refinery  
  17  1:03  SCV  
  18  1:15  SCV  
  19  1:27  Orbital Command, Reaper  
  19  1:28  Supply Depot  
  20  1:39  Factory  
  20  1:53  SCV  
  21  2:00  Barracks Reactor  
  21  2:05  SCV  
  22  2:15  Command Center  
  22  2:17  SCV  
  23  2:24  Hellion  
  23  2:29  SCV  
  26  2:36  Reaper x2  
  28  2:39  Supply Depot  
  28  2:41  SCV  
  29  2:45  Hellion  
  31  2:54  Barracks  
  31  3:01  SCV  
  32  3:05  Barracks  
  32  3:09  Marine  
  32  3:10  Factory Tech Lab  
  33  3:13  SCV  
  34  3:22  Marine  
  35  3:32  Siege Tank  
  35  3:34  SCV  
  39  3:43  Barracks Tech Lab  
  39  3:46  Marine x2  
  39  3:48  Orbital Command  
  41  3:53  SCV, Barracks Tech Lab  
  42  4:02  Concussive Shells  
  42  4:03  Marauder  
  42  4:05  Siege Tank  
  42  4:07  Supply Depot  
  47  4:12  Marauder  
  49  4:18  Combat Shield  
  49  4:22  SCV x2  
  49  4:24  Marine x2  
  51  4:29  Marauder  
  55  4:34  SCV, Marauder  
  55  4:37  Supply Depot  
  58  4:39  SCV  
  59  4:49  Marine x2  
  59  4:51  Marauder  
  61  4:59  Siege Tank  
  63  5:01  Supply Depot  
  63  5:04  SCV x2  
  65  5:09  Marauder  
  65  5:11  Marine x2  
  69  5:17  Supply Depot  
  69  5:22  Marauder  
  69  5:23  Supply Depot  
  66  5:29  Marine x2  
  66  5:31  Marauder  
  66  5:33  SCV  
  70  5:41  Bunker x2  
  68  5:44  Marauder  
  68  5:46  Marine x2  
  57  6:04  Marauder  
  57  6:05  Siege Tank, Marauder  
  57  6:06  SCV  
  57  6:09  Marine  
  65  6:12  Marine  
  65  6:14  SCV  
  65  6:18  SCV  
  67  6:21  Stimpack  
  67  6:25  Marine  
  67  6:26  Marine  
  67  6:28  Bunker  
  67  6:29  SCV  
  67  6:30  SCV  
  67  6:32  Bunker  
  71  6:33  Marine x2  
  73  6:44  Marauder  
  75  6:50  Marauder  
  68  7:01  SCV x2, Marine  
  62  7:04  Siege Tank  
  62  7:06  Marauder  
  63  7:11  Marine  
  63  7:12  Marauder  
  63  7:13  SCV x2  
  67  7:25  Marine  
  67  7:26  SCV x2  
  67  7:27  Marauder  
  67  7:29  Marine  
  70  7:33  Marauder  
  71  7:38  SCV x2  
  71  7:41  Siege Tank  
  71  7:43  Marine  
  70  7:47  Marine  
  70  7:48  Marine  
  70  7:50  SCV x2  
  69  7:57  Engineering Bay  
  66  7:58  Starport  
  66  8:02  SCV x2  
  66  8:04  Marine x2  
  64  8:11  Marine x2  
  64  8:16  Siege Tank  
  64  8:19  Barracks  
  67  8:20  SCV x2  
  67  8:25  Barracks  
  67  8:26  Refinery  
  69  8:27  Marine x2  
  69  8:33  Marine x2  
  73  8:42  Medivac  
  73  8:45  SCV x2, Marine x2  
  79  8:51  Marine x2  
  80  8:58  SCV x2  
  80  9:02  Siege Tank  
  85  9:03  Marine  
  85  9:07  Supply Depot  
  85  9:08  Supply Depot  
  85  9:09  Marine  
  87  9:10  SCV x2  
  87  9:15  Medivac  
  91  9:18  Marine x3  
  94  9:29  SCV x2, Marine  
Tags
 
Add a new tag
Caveats
  • Supply blocks, unpowered buildings, or Contaminate may cause inaccurate times.
  • Supply counts are checked every 10 seconds.